 Dungeon Crawl Stone Soup version 0.29-a0-344-ge2f44be95a (webtiles) character file.

Game seed: 16365676187938986679

176 Dyamorph the Skirmisher (level 5, -4/34 HPs)
             Began as a Gargoyle Monk on Apr 22, 2022.
             Slain by a wight
             ... wielding a +4 great sword of freezing
              (5 damage)
             ... on level 3 of the Dungeon.
             The game lasted 00:03:25 (3390 turns).

Dyamorph the Skirmisher (Gargoyle Monk)             Turns: 3390, Time: 00:03:26

Health: -4/34      AC: 18    Str: 17    XL:     5   Next: 56%
Magic:  5/5        EV:  5    Int: 10    God:
Gold:   129        SH:  0    Dex: 12    Spells: 4/4 levels left

rFire   + . .      SeeInvis .   a - +0 mace
rCold   . . .      Faith    .   (no shield)
rNeg    + . .      Spirit   .   f - +2 plate armour {rF+}
rPois   ∞          Reflect  .   o - +0 helmet
rElec   +          Harm     .   (no cloak)
rCorr   +          Rampage  .   (no gloves)
Will    .....                   (no boots)
Stlth   ..........              (no amulet)
HPRegen 0.11/turn               d - ring of resist corrosion
MPRegen 0.09/turn               (no ring)

@: mighty
A: sickness immunity, AC +4, negative energy resistance 1, electricity
resistance, torment resistance 1, petrification resistance
a: no special abilities


You were on level 3 of the Dungeon.
You visited 1 branch of the dungeon, and saw 3 of its levels.

You collected 129 gold pieces.

Inventory:

Hand Weapons
 a - a +0 mace (weapon)
Armour
 b - a +0 robe
 f - a +2 plate armour of fire resistance (worn)
 o - a +0 helmet (worn)
Jewellery
 d - a ring of resist corrosion (left hand)
Scrolls
 g - 3 scrolls of fear {unknown}
 h - 3 scrolls of identify {unknown}
 i - a scroll of enchant armour {unknown}
 j - a scroll of teleportation {unknown}
 l - a scroll of magic mapping {unknown}
 n - a scroll of vulnerability {unknown}
 p - a scroll of immolation {unknown}
 r - 2 scrolls of amnesia {unknown}
 s - a scroll of silence {unknown}
 t - a scroll of blinking {unknown}
Potions
 c - 2 potions of ambrosia
 e - 2 potions of curing {unknown}
 k - 2 potions of might
 m - a potion of invisibility {unknown}
 q - a potion of lignification {unknown}
 u - 3 potions of flight {unknown}
 v - 2 potions of heal wounds {unknown}
 w - a potion of cancellation {unknown}


   Skills:
 + Level 4.6 Fighting
 + Level 4.2 Maces & Flails
 + Level 3.0 Armour
 - Level 2.4 Dodging
 - Level 2.1 Stealth


You had 4 spell levels left.
You didn't know any spells.
Your spell library contained the following spells:

 Spells                   Type           Power      Damage    Failure   Level
 Sting                    Tmut/Pois      0%         1d3       100%        1
 Poisonous Vapours        Pois/Air       0%         N/A       100%        2
 Wereblood                Tmut           0%         N/A       100%        2
 Olgreb's Toxic Radiance  Pois           0%         N/A       100%        4
 Summon Hydra             Summ           0%         N/A       100%        7
 Sublimation of Blood     Necr           Unusable   N/A       N/A         2

Dungeon Overview and Level Annotations

Branches:
Dungeon (3/15)

Altars:
Dithmenos


Innate Abilities, Weirdness & Mutations

You are immune to sickness and miasma.
Your stone body is resilient. (AC +4)
You are immune to poison.
You resist negative energy. (rN+)
You are resistant to electric shocks. (rElec)
You are resistant to unholy torment.
You are immune to petrification.


Message History

The wight is almost destroyed.
The wight hits you with a +0 hand axe. The wight hits you but does no damage.
You closely miss the wight.
The wight is almost destroyed.
The wight hits you but does no damage.
A wight comes into view. It is wielding a +0 scimitar.
The wight hits you but does no damage.
The wight hits you with a +4 great sword of freezing.
The wight freezes you.
You hit the wight but do no damage.
The wight hits you with a +0 long sword.
You closely miss the wight. The wight hits you but does no damage.
You hit the wight but do no damage. The wight hits you but does no damage.
You feel very mighty all of a sudden. The wight hits you but does no damage.
You hit the wight.
The wight is moderately damaged.
The wight hits you but does no damage.
You thump the wight!
The wight is almost destroyed.
The wight hits you with a +0 long sword.
The wight hits you but does no damage.
You closely miss the wight.
The wight is almost destroyed.
The wight hits you with a +0 long sword.
You sock the wight!
You destroy the wight!
Your Armour skill increases to level 3!
You hit the wight.
The wight is lightly damaged.
The wight completely misses you.
You closely miss the wight.
The wight is lightly damaged.
The wight barely misses you.
You barely miss the wight.
The wight is lightly damaged.
The wight hits you with a +4 great sword of freezing!
* * * LOW HITPOINT WARNING * * *
The wight freezes you.
You die...

### #####.#######
...).#......######
..###.####.......#
...#### #..####.#
<.## #..# #.# .##
#..####@# .#
#.....#z# .#
#.###.#z# '##
#.....zb## ..##
##.......# ...##
##.##.##.# ....##
##..##.# .#
.....####......##.#
.....'.............


You could see 3 wights and a bat.

Vanquished Creatures
  A wight (D:3)
  2 gnolls (D:1)
  3 adders (D:3)
  2 worms
  3 dart slugs
  An orc (D:3)
  7 ball pythons
  5 endoplasms
  8 giant cockroaches
  4 goblins
  7 hobgoblins
  3 jackals (D:1)
  A quokka (D:1)
  7 bats
  2 kobolds
  4 rats
60 creatures vanquished.

Notes
Turn   | Place    | Note
-------+----------+-------------------------------------------
     0 | D:1      | Dyamorph the Gargoyle Monk began the quest for the Orb.
     0 | D:1      | Reached XP level 1. HP: 14/14 MP: 1/1
   133 | D:1      | Reached XP level 2. HP: 19/19 MP: 2/2
   141 | D:1      | Reached skill level 1 in Armour
   423 | D:1      | Reached XP level 3. HP: 24/24 MP: 3/3
   779 | D:1      | HP: 1/24 [frozen (5)]
  1863 | D:2      | Reached XP level 4. HP: 29/29 MP: 4/4
  2001 | D:2      | Found a shadowy altar of Dithmenos.
  2300 | D:2      | Found a faded altar of an unknown god.
  3221 | D:3      | Reached XP level 5. HP: 32/34 MP: 5/5
  3390 | D:3      | HP: 1/34 [wight/+4 great sword of freezing (14)]
  3390 | D:3      | Slain by a wight

Illustrated notes

Levels and vault maps discovered:
D:1:      denvon_arrival_waterhouse, layout_loops_corners, hex_tiny
D:2:      layout_loops_ring, basic_altar,
          dreamdust_ecumenical_altar_angels_and_demons
D:3:      layout_loops_corners

Skill      XL: |  1  2  3  4  5 |
---------------+----------------+-----
Armour         | 1 2 3 |  3.0
Fighting       | 4 |  4.6
Maces & Flails | 4 |  4.2
Dodging        | |  2.4
Stealth        | |  2.1

Action                   |  1- 3 |  4- 6 || total
-------------------------+-------+-------++-------
Melee: Mace              |   101 |   121 ||   222
       Punch             |     1 |     2 ||     3
  Use: Potion            |       |     1 ||     1
Armor: Plate armour      |   116 |   105 ||   221
       Robe              |     1 |       ||     1
Dodge: Dodged            |    40 |    25 ||    65

Table legend: (Time is in decaauts)
 A = Elapsed time spent in this place.
 B = Non-inter-level travel time spent in this place.
 C = Inter-level travel time spent in this place.
 D = Time resting spent in this place.
 E = Time spent auto-exploring this place.
 F = Levels seen in this place.
 G = Mean time per level.
                   A        B        C        D        E       F      G
               +--------+--------+--------+--------+--------+-----+--------+
         Total |   3438 |   3324 |    114 |      0 |   2697 |   3 | 1146.0 |
       Dungeon |   3438 |   3324 |    114 |      0 |   2697 |   3 | 1146.0 |
               +--------+--------+--------+--------+--------+-----+--------+

Top non-repeatable levels by time:
     D:1: 1798 daAuts
     D:2: 1031 daAuts
     D:3: 608 daAuts
